 Dungeon Crawl Stone Soup version 0.19.1-1-g22dce08 (webtiles) character file.

294 theMooja the Sneak (level 6, 0/30 HPs)
             Began as a Vine Stalker Enchanter on Jan 3, 2017.
             Slain by a killer bee (6 damage)
             ... on level 4 of the Dungeon.
             The game lasted 00:20:48 (3011 turns).

theMooja the Sneak (Vine Stalker Enchanter)         Turns: 3011, Time: 00:20:48

Health: 0/30       AC:  3    Str: 12    XL:     6   Next: 33%
Magic:  0/11       EV: 19    Int: 15    God:
Gold:   187        SH:  0    Dex: 20    Spells: 2 memorised, 7 levels left

rFire  . . .     SeeInvis .     s - +0 war axe (freeze)
rCold  . . .     Gourm    .     b - +1 robe
rNeg   . . .     Faith    .     (no shield)
rPois  .         Spirit   +     (no helmet)
rElec  .         Reflect  .     (no cloak)
rCorr  .         Harm     .     (no gloves)
MR     .....                    (no boots)
Stlth  ++++......               (no amulet)
                                (no ring)
                                (no ring)

@: agile, lethally poisoned (0 -> -1)
A: fangs 2, regeneration 1, magic shield, antimagic bite, no device heal 3, rot
immunity
a: no special abilities


You were on level 4 of the Dungeon.
You were not hungry.

You visited 1 branch of the dungeon, and saw 4 of its levels.
You also visited: Sewer.

You collected 187 gold pieces.

Inventory:

Hand Weapons
 a - a +1 dagger
 h - a +0 spear of piercing
 s - a +0 war axe of freezing (weapon)
Missiles
 j - 8 tomahawks (quivered)
Armour
 b - a +1 robe (worn)
Scrolls
 e - 5 scrolls of recharging
 g - 3 scrolls of remove curse
 i - 4 scrolls of identify
 q - 4 scrolls of teleportation {unknown}
 t - a scroll of enchant armour {unknown}
 v - 3 scrolls of random uselessness {unknown}
Potions
 f - 3 potions of flight
 k - a potion of agility
 l - a potion of lignification {unknown}
 m - 3 potions of degeneration {unknown}
 n - 3 potions of might {unknown}
 o - a potion of ambrosia {unknown}
 p - a potion of resistance {unknown}
 u - a potion of beneficial mutation {unknown}
Books
 c - a book of Maledictions

   Spells                             Type                      Level
   a - Corona                         Hexes                        1
   b - Ensorcelled Hibernation        Hexes/Ice                    2
   c - Confuse                        Hexes                        3
   d - Tukima's Dance                 Hexes                        3
   e - Dazzling Spray                 Conjuration/Hexes            3
Comestibles
 d - 3 bread rations
 r - a royal jelly


   Skills:
 + Level 1.7 Fighting
 - Level 0.8 Short Blades
 + Level 0.6 Axes
 + Level 0.8 Throwing
 * Level 1.7 Armour
 + Level 2.9 Dodging
 - Level 4.0 Stealth
 + Level 3.0 Spellcasting
 + Level 4.0 Hexes


You had 7 spell levels left.
You knew the following spells:

 Your Spells              Type           Power        Failure   Level  Hunger
a - Corona                Hex            ##.....      4%          1    #......
b - Confuse               Hex            ##......     14%         3    ###....


Dungeon Overview and Level Annotations

Branches:
Dungeon (4/15)
 Temple: D:4-7

Altars:
Nemelex Xobeh

Shops:
D:4 =


Innate Abilities, Weirdness & Mutations

You have extremely sharp teeth.
Your natural rate of healing is unusually fast.
When hurt, damage is shared between your health and your magic reserves.
Your bite disrupts and absorbs the magic of your enemies.
Potions and wands cannot restore your health.
You are immune to rotting.


Message History

The killer bee stings you.
You are poisoned.
The killer bee poisons you!
You closely miss the killer bee.
You feel sick. The killer bee barely misses you. The killer bee stings you. x2
A killer bee comes into view.
You miss the killer bee.
You feel sick.
The killer bee buzzes angrily.
The killer bee barely misses you. The killer bee stings you!
The killer bee stings you. The killer bee misses you.
The killer bee stings you.
* * * LOW HITPOINT WARNING * * *
The killer bee stings you.
* * * LOW HITPOINT WARNING * * *
You are more poisoned.
The killer bee poisons you!
It was a potion of agility.
You feel agile all of a sudden.
You feel sick. The killer bee stings you!
You die...

......#.... .....######.......#
.......### #..............#
........#########.......#######
.........#..............#
......................#.#
.........#####........#.#
........######.##y....#.#
..##...####....##y....#.#
####...>......#.@y....#.#
#.............#.....#.#
#..>................#.#
#.###...#######.....#.# #.#
#...#.....#.#####.#
###.###...#.###.#.# #.#
#...#.....#.#.#.#.# #.#
..###.....#.#.#...# #.#
..<.......#...#.#..# #.#


You could see 3 killer bees.

Vanquished Creatures
  A centaur (D:3)
  An orc wizard (D:4)
  A gnoll (D:1)
  6 adders
  4 oozes
  6 worms
  A dart slug (D:3)
  6 leopard geckos
  9 orcs
  A ball python (Sewer)
  11 bats
  3 giant cockroaches
  2 goblins
  5 hobgoblins
  4 jackals (Sewer)
  2 quokkas
  6 frilled lizards
  4 kobolds
  A leopard gecko skeleton (D:4)
  A quokka skeleton (D:4)
  6 rats
81 creatures vanquished.

Notes
Turn   | Place    | Note
-------+----------+-------------------------------------------
     0 | D:1      | theMooja the Vine Stalker Enchanter began the quest for the Orb.
     0 | D:1      | Reached XP level 1. HP: 9/9 MP: 4/4
   149 | D:1      | Reached XP level 2. HP: 5/13 MP: 1/6
   995 | D:2      | Found a sparkling altar of Nemelex Xobeh.
  1013 | D:2      | Reached XP level 3. HP: 13/17 MP: 4/7
  1065 | D:2      | Learned a level 3 spell: Confuse
  1381 | D:2      | You fall through a shaft for 2 floors!
  1613 | D:4      | Found a glowing drain.
  1618 | Sewer    | Entered a sewer
  1621 | Sewer    | Gained mutation: Your natural rate of healing is unusually fast. [Vine Stalker growth]
  1621 | Sewer    | Reached XP level 4. HP: 10/21 MP: 2/8
  1917 | Sewer    | Reached skill level 1 in Armour
  2298 | D:4      | Reached skill level 1 in Fighting
  2319 | D:3      | Reached XP level 5. HP: 20/25 MP: 10/10
  2536 | D:3      | Noticed a centaur
  2551 | D:3      | Killed a centaur
  2551 | D:3      | Reached XP level 6. HP: 24/30 MP: 4/11
  2658 | D:4      | Found Zusy's Jewellery Shoppe.
  3011 | D:4      | Slain by a killer bee

Skill      XL: |  1  2  3  4  5  6 |
---------------+-------------------+-----
Stealth        | 4 |  4.0
Dodging        | 2 |  2.9
Armour         | 1 |  1.7
Fighting       | 1 |  1.7
Spellcasting   | 3 |  3.0
Hexes          | 4 |  4.0
Short Blades   | |  0.8
Axes           | |  0.6
Throwing       | |  0.8

Action                   |  1- 3 |  4- 6 || total
-------------------------+-------+-------++-------
Melee: Dagger            |    19 |       ||    19
       Bite              |    18 |    35 ||    53
       Spear             |    64 |   138 ||   202
       War axe           |       |    37 ||    37
Throw: Tomahawk          |    27 |     5 ||    32
 Cast: Corona            |     4 |     2 ||     6
       Confuse           |     4 |    10 ||    14
  Use: Potion            |       |     4 ||     4
       Scroll            |       |     3 ||     3
 Stab: Confused          |     1 |     1 ||     2
       Sleeping          |       |     2 ||     2
  Eat: Meat ration       |     1 |       ||     1
       Bread ration      |       |     1 ||     1
Armor: Robe              |    18 |    42 ||    60
Dodge: Dodged            |    65 |   156 ||   221
